[Event "*** SCC Grand Prix: Titled Tuesday Blitz"]
[Site "Chess.com"]
[Date "2020.07.14"]
[Round "8"]
[White "giantslayer83"]
[Black "HouseOfDurin"]
[Result "1-0"]
[WhiteElo "2720"]
[BlackElo "2036"]
[TimeControl "180+1"]
[EndTime "11:37:04 PDT"]
[Termination "giantslayer83 won by resignation"]

1. d4 Nf6 2. Bg5 Ne4 3. Bf4 d5 4. e3 g6 5. Bd3 Nf6 6. h3 Bg7 7. Nf3 O-O 8. O-O b6 9. c4 c5 10. Nc3 cxd4 11. exd4 Bb7 12. Re1 e6 13. Ne5 Nc6 14. cxd5 Nxe5 15. Bxe5 Nxd5 16. Ne4 Qh4 17. Nd6 Bc6 18. Rc1 Nb4 19. Be4 Bd5 20. a3 Na6 21. Bxd5 exd5 22. Qd3 Nb8 23. Rc7 Qd8 24.
Nb7 Qh4 25. Rec1 Bxe5 26. dxe5 Qe4 27. Qxe4 dxe4 28. Nd6 Na6 29. Re7 Nc5 30. b4 Ne6 31. Nxe4 Rfe8 32. Nf6+ Kf8 33. Rxe8+ Rxe8 34. Nxe8 Kxe8 35.
g3 Nd4 36. Kg2 Ke7 37. f4 Nb5 38. a4 Nd4 39. Rc7+ Ke6 40. Rxa7 Nc6 41. Rb7 Kd5 42.
Rxb6 h5 43. a5 Nd4 44. a6 Nc6 45. b5 Na7 46. Rb7 Nc8 47. a7 Nxa7 48. Rxa7 Kc5 49.
Rxf7 g5 50. fxg5 Kxb5 51. g6 h4 52. g7 Kc5 53. g8=Q hxg3 54. Qd8 Kc6 55. Rc7+ 1-0

[Event "*** SCC Grand Prix: Titled Tuesday Blitz"]
[Site "Chess.com"]
[Date "2020.07.14"]
[Round "8"]
[White "Zkid"]
[Black "AndrewMaco"]
[Result "1-0"]
[WhiteElo "2782"]
[BlackElo "2620"]
[TimeControl "180+1"]
[EndTime "11:37:05 PDT"]
[Termination "Zkid won on time"]

1. e4 c6 2. d4 d5 3. exd5 cxd5 4.
Bd3 Nc6 5. c3 Nf6 6. Bf4 Bg4 7.
Qb3 Qd7 8. Nd2 e6 9. Ngf3 Bxf3 10. Nxf3 Bd6 11. Ne5 Qc7 12. O-O O-O 13. Rae1 Nh5 14.
Bd2 Nxe5 15. dxe5 Bxe5 16. Qd1 Nf6 17. h4 Bf4 18. Be3 Bxe3 19. Rxe3 a6 20. Rfe1 h5 21. Rg3 Qf4 22. Rg5 Qxh4 23. Qd2 Rfe8 24. g3 Qa4 25. Rxg7+ Kxg7 26. Qg5+ Kf8 27. Qxf6 Qg4 28.
Qh6+ Ke7 29. Be2 Qg6 30. Qf4 Kd7 31. c4 Qf5 32. Qd4 Rac8 33. Bd3 Qg4 34. Qb6 Rc7 35.
cxd5 Kc8 36. d6 Rc6 37. d7+ Kxd7 38. Qxb7+ Rc7 39. Qxa6 Rec8 40. Qa3 Qg5 41. Rd1 Ke8 42.
Qd6 Qe7 43. Qd4 e5 44. Qe4 Rc1 45. Rxc1 Rxc1+ 46. Kg2 Qf6 47. Qa8+ Ke7 48. Be4 Qd6 49. Qa7+ Kf6 50. Qe3 Qd4 51. Qxc1 Qxe4+ 52. Kg1 Qe2 53. a4 Qa6 54. Qh6+ 1-0

[Event "*** SCC Grand Prix: Titled Tuesday Blitz"]
[Site "Chess.com"]
[Date "2020.07.14"]
[Round "8"]
[White "UCantHandleDenker"]
[Black "Maxim_e2e4"]
[Result "1-0"]
[WhiteElo "2539"]
[BlackElo "2408"]
[TimeControl "180+1"]
[EndTime "11:37:05 PDT"]
[Termination "UCantHandleDenker won on time"]

1. Nf3 c5 2. g3 Nc6 3. Bg2 g6 4. O-O Bg7 5. d3 e5 6. e4 Nge7 7. c3 d6 8. a3 O-O 9. b4 a6 10. Nbd2 h6 11. Rb1 b6 12. Nc4 b5 13.
Ne3 Be6 14. Re1 f5 15. exf5 gxf5 16. Nh4 f4 17. Nc2 Rc8 18. Bxf4 Ba2 19. Ra1 Bd5 20.
Bd2 Bxg2 21. Kxg2 Qd7 22. Qh5 Nf5 23. Ne3 Nxh4+ 24. Qxh4 Qf7 25. Rf1 Qf3+ 26. Kg1 Rf7 27. Qe4 Ne7 28. Qxf3 Rxf3 29. Kg2 Rcf8 30. Rad1 h5 31.
h4 Ng6 32. Bc1 R3f7 33. Nd5 Kh7 34. Bg5 Bh6 35. Bxh6 Kxh6 36. Ra1 Rc8 37. a4 bxa4 38. Rxa4 cxb4 39. cxb4 Rc2 40. Rxa6 Rd2 41. Ne3 Rxd3 42.
Rd1 Rxd1 43. Nxd1 Rd7 44. Ne3 Ne7 45. b5 Kg6 46. Nc4 Nf5 47. Rc6 Kf7 48. b6 1-0

[Event "*** SCC Grand Prix: Titled Tuesday Blitz"]
[Site "Chess.com"]
[Date "2020.07.14"]
[Round "8"]
[White "GiantThresher"]
[Black "124chess"]
[Result "1-0"]
[WhiteElo "2644"]
[BlackElo "2677"]
[TimeControl "180+1"]
[EndTime "11:37:07 PDT"]
[Termination "GiantThresher won on time"]

1. e4 c5 2. Nc3 Nc6 3. Bb5 Na5 4. Nf3 a6 5. Be2 d6 6. d4 cxd4 7. Nxd4 Nf6 8. f4 e5 9. Nf3 Qc7 10. O-O Be7 11. Qe1 O-O 12. fxe5 dxe5 13. Qg3 Nh5 14. Qxe5 Qxe5 15. Nxe5 Nf6 16. Nc4 Nxc4 17. Bxc4 Be6 18.
Bxe6 fxe6 19. Be3 Ng4 20. Bb6 Bb4 21. Ne2 Rac8 22. c3 Bd6 23. h3 Nf6 24. Nd4 Nxe4 25. Rxf8+ Bxf8 26. Re1 Nd2 27. Nxe6 Nc4 28. Bd4 Nxb2 29.
Nxf8 Kxf8 30. Rb1 Na4 31. Rxb7 Nxc3 32. Bxg7+ Kg8 33. a3 Ne2+ 34. Kf2 Nf4 35. Bh6 Rc2+ 36. Kf3 Ne6 37. Re7 Rc6 38. Ke4 Nc7 39. Rg7+ Kh8 40. Rf7 Re6+ 41. Kf5 Rxh6 42. Rxc7 Rg6 43. g4 Rb6 44. Ra7 Kg8 45. h4 Rb5+ 46. Kf4 Ra5 47.
h5 Rxa3 48. Kg5 Rc3 49. Ra8+ Kf7 50. Kh6 1-0

[Event "*** SCC Grand Prix: Titled Tuesday Blitz"]
[Site "Chess.com"]
[Date "2020.07.14"]
[Round "8"]
[White "Lagmantr"]
[Black "Siniauski"]
[Result "0-1"]
[WhiteElo "2638"]
[BlackElo "2492"]
[TimeControl "180+1"]
[EndTime "11:37:07 PDT"]
[Termination "Siniauski won by resignation"]

1. e4 e6 2. d4 d5 3. Nc3 Nf6 4. e5 Nfd7 5. f4 c5 6. Nf3 Nc6 7. Be3 a6 8. Qd2 b5 9. Rd1 Qb6 10. Be2 cxd4 11. Nxd4 Bc5 12. a3 f6 13. Nxe6 Bxe3 14. Qd3 Ndxe5 15. Nxg7+ Kf7 16. fxe5 Nxe5 17. Qxd5+ Kxg7 18. Rf1 Bb7 19. Qd6 Qxd6 20. Rxd6 Rad8 21.
Rfxf6 Bxg2 22. Bh5 Rxd6 23. Rxd6 Bg5 24. Rxa6 Rf8 25.
Ra7+ Kh6 26. Nxb5 Kxh5 27. Nd4 Bh4+ 28. Kd2 Rf2+ 29. Kc3 Rf3+ 30. Nxf3 Bxf3 31. Rxh7+ Kg4 32. a4 Bf6 33. Rb7 Bxb7 34. Kb3 Nc6 35. a5 Nxa5+ 36.
Ka4 Nc6 37. Kb5 Nd4+ 38. Kb6 Bg2 39. c3 Nb3 40. c4 Bd4+ 41. Kb5 Bf1 42. Kb4 Nc5 43. b3 Nd3+ 44. Kb5 Bg2 45. b4 Bf1 46. c5 Nxc5+ 47. Kc6 Nb3 48. Kd5 Bg1 49. h4 Kxh4 50. b5 Bxb5 51. Ke4 Bf1 0-1

[Event "*** SCC Grand Prix: Titled Tuesday Blitz"]
[Site "Chess.com"]
[Date "2020.07.14"]
[Round "8"]
[White "JuliaEfremova"]
[Black "Zq1"]
[Result "0-1"]
[WhiteElo "2314"]
[BlackElo "2483"]
[TimeControl "180+1"]
[EndTime "11:37:07 PDT"]
[Termination "Zq1 won by checkmate"]

1. d4 Nf6 2. Bf4 c5 3. e3 g6 4.
Nf3 Bg7 5. c3 b6 6. Be2 Bb7 7.
O-O O-O 8. h3 d6 9. Bh2 Nbd7 10.
Nbd2 a6 11. a4 Ra7 12. Nc4 Qa8 13. a5 b5 14. Nb6 Qd8 15. Nxd7 Nxd7 16. b4 cxb4 17.
cxb4 Nf6 18. Rc1 Bd5 19. Nd2 Qa8 20. Bf3 Rc8 21. Bxd5 Nxd5 22. Qb3 Rac7 23. Rxc7 Rxc7 24. Ne4 Nf4 25. Bxf4 Qxe4 26. f3 Qc6 27. d5 Qc4 28.
Rb1 Qxb3 29. Rxb3 Rc4 30. e4 Bc3 31. Bg5 f6 32. Be3 Bxb4 33. Bb6 Kf7 34. Kf1 Ke8 35. Ke2 Kd7 36. Kd3 Bc5 37. g4 Bxb6 38. axb6 Kc8 39. f4 Kb7 40. e5 fxe5 41. fxe5 dxe5 42. Rb1 Kxb6 43. Rf1 Rf4 44. Re1 Rd4+ 45. Kc3 Rxd5 46. h4 a5 47. h5 b4+ 48. Kb3 Kb5 49. hxg6 hxg6 50. Rh1 a4+ 51. Kc2 b3+ 52. Kb1 Kb4 53.
g5 e4 54. Rc1 a3 55. Re1 Rd4 56. Kc1 a2 57. Kb2 Rd2+ 58. Ka1 Ka3 59. Rd1 b2# 0-1

[Event "*** SCC Grand Prix: Titled Tuesday Blitz"]
[Site "Chess.com"]
[Date "2020.07.14"]
[Round "8"]
[White "whodee11"]
[Black "WeAintSurePal"]
[Result "1-0"]
[WhiteElo "2406"]
[BlackElo "2271"]
[TimeControl "180+1"]
[EndTime "11:37:07 PDT"]
[Termination "whodee11 won by resignation"]

1. e4 c6 2. d3 d5 3. Nd2 e5 4. Ngf3 Bd6 5. d4 exd4 6. Nxd4 Nf6 7. Bd3 dxe4 8. Nxe4 Nxe4 9. Bxe4 Qe7 10. Qf3 Nd7 11.
O-O O-O 12. Nf5 Qf6 13. Nxd6 Qxd6 14. Bf4 Qf6 15. Rfe1 Nc5 16. c3 Ne6 17. Bd6 Qxf3 18. Bxf3 Ng5 19. Bxf8 Nxf3+ 20. gxf3 Kxf8 21. Rad1 Be6 22. b3 Ke7 23. f4 Kf6 24. Kg2 g6 25. Rd4 c5 26. Rd6 Ke7 27. Red1 a5 28. Rb6 Ra7 29. Kf3 a4 30. c4 Bd7 31. Rbd6 Bc6+ 32. Kg4 axb3 33.
axb3 Ra2 34. R1d2 Ra3 35. R6d3 f5+ 36. Kg5 Ra1 37. Kh6 Rh1 38. f3 Rf1 39. Kxh7 Kf7 40.
Kh6 Ra1 41. Rd6 Ra8 42. Rxg6 Rh8+ 43. Kg5 Rh3 44. Rf6+ Ke7 45. Re2+ Kd7 46. Rf7+ Kd8 47. Kxf5 Rxf3 48. h4 Rxb3 49. h5 Rh3 50. Rh7 Bf3 51. Rd2+ Kc8 52. h6 Rh4 53. Rd3 Be2 54. Re3 Bg4+ 55.
Kg5 Bf5 56. Kxh4 Bxh7 57. Re7 1-0

[Event "*** SCC Grand Prix: Titled Tuesday Blitz"]
[Site "Chess.com"]
[Date "2020.07.14"]
[Round "8"]
[White "carlesdc96"]
[Black "Canonkasparov"]
[Result "1-0"]
[WhiteElo "2726"]
[BlackElo "2573"]
[TimeControl "180+1"]
[EndTime "11:37:08 PDT"]
[Termination "carlesdc96 won on time"]

1. Nf3 d5 2. d4 Nf6 3. Bf4 c5 4.
c3 Nc6 5. e3 Qb6 6. Qb3 c4 7. Qc2 Bf5 8. Qc1 e6 9. h3 h6 10. Be2 Be7 11. O-O O-O 12. Nbd2 Rfc8 13. Bd1 Bd3 14. Re1 Ne4 15. Bc2 Qa6 16. Bxd3 cxd3 17.
a3 f5 18. Rd1 Na5 19. Qb1 g5 20. Be5 g4 21. hxg4 fxg4 22. Nxe4 dxe4 23. Nd2 Qc6 24. Qa2 b5 25. Nxe4 Nc4 26. Nf6+ Bxf6 27. Bxf6 Rf8 28. Bh4 Qe4 29. b3 g3 30. Bxg3 Nd6 31. Bxd6 Rf5 32. Qd2 Rg5 33. Bg3 Rf8 34. Qxd3 Qg4 35. Ra2 h5 36.
Qe2 Qe4 37. f3 Qg6 38. Bf4 Rgf5 39. Qf2 Kf7 40. Qg3 Qh7 41. Bg5 Rg8 42. f4 Rd5 43. c4 bxc4 44. bxc4 Ra5 45. Rb2 Qe4 46. Qf3 Qxf3 47. gxf3 Kg6 48. Rb3 Kf5 49. Rdb1 h4 50. Rb5+ Rxb5 51. Rxb5+ Kg6 52. Bxh4 Rc8 53. c5 Kf5 54.
Bg5 e5 55. e4+ Kg6 56. dxe5 Kh5 57. Kf2 a5 58. Rb6 Rh8 59. Rf6 a4 60. c6 Rh7 61.
c7 Rh8 62. c8=Q 1-0

[Event "*** SCC Grand Prix: Titled Tuesday Blitz"]
[Site "Chess.com"]
[Date "2020.07.14"]
[Round "8"]
[White "BillieKimbah"]
[Black "FabianoCaruana"]
[Result "0-1"]
[WhiteElo "2902"]
[BlackElo "3031"]
[TimeControl "180+1"]
[EndTime "11:37:10 PDT"]
[Termination "FabianoCaruana won by resignation"]

1. d4 Nf6 2. Nf3 d5 3. Bf4 e6 4. e3 c5 5. Nbd2 Nc6 6. c3 Bd6 7. Bg3 O-O 8. Bd3 b6 9. Qe2 Bb7 10. e4 Be7 11. e5 Nh5 12. Ng5 Bxg5 13. Qxh5 g6 14. Qe2 cxd4 15. h4 Bh6 16. h5 g5 17.
Rd1 dxc3 18. bxc3 f5 19. exf6 Qxf6 20. O-O Rae8 21. Nf3 e5 22. Nh2 Bg7 23. Ng4 Qe6 24. Bc2 Na5 25. h6 Bh8 26. f3 Nc4 27. Rfe1 b5 28.
Bd3 e4 29. Bxc4 bxc4 30. fxe4 Bxc3 31. Qe3 Bxe1 32. Qxg5+ Qg6 33. Qxg6+ hxg6 34. Rxe1 Rxe4 35. Rxe4 dxe4 36. Be5 Kh7 37. Bg7 Rf7 38. Nf6+ Rxf6 39. Bxf6 Kxh6 40. Bd4 a6 41. Kf2 Kg5 42. Ke3 Kg4 43.
Kf2 Kf4 44. g3+ Kg4 45. a3 Bc6 46. Be5 Ba4 47. Bd4 Bc2 48. Be5 Bd3 49. Bd4 Bb1 50.
Be5 Bc2 51. Bd4 Bd3 52. Be5 Kf5 53. Bd4 Ke6 54. Ke3 Kd5 55. Bc3 Kc6 56. Kd2 Kb5 57. Be5 Ka4 58. Bd6 Kb3 59. Bc5 c3+ 60. Ke3 c2 0-1

[Event "*** SCC Grand Prix: Titled Tuesday Blitz"]
[Site "Chess.com"]
[Date "2020.07.14"]
[Round "8"]
[White "sergeikim"]
[Black "dosto07"]
[Result "0-1"]
[WhiteElo "2360"]
[BlackElo "2238"]
[TimeControl "180+1"]
[EndTime "11:37:10 PDT"]
[Termination "dosto07 won on time"]

1. d4 d5 2. c4 dxc4 3. e3 Nf6 4.
Bxc4 e6 5. Nf3 c5 6. O-O Nc6 7. Qe2 Be7 8. Rd1 O-O 9. Nc3 Qc7 10. a3 a6 11. Ba2 b5 12. h3 Bb7 13. dxc5 Bxc5 14. e4 Rfd8 15. Bg5 Ne5 16. Rac1 Rxd1+ 17. Rxd1 Nxf3+ 18. Qxf3 Qe5 19. Bxf6 gxf6 20. Rd7 Bc6 21.
Qg4+ Kf8 22. Rd1 Ke7 23. Qf3 Rg8 24. Bb1 Bd6 25. g3 Qf4 26. Qxf4 Bxf4 27. Kf1 Be5 28. Ke2 Rc8 29. Rd3 a5 30. f4 Bb8 31. Re3 Ba7 32. Rf3 b4 33. axb4 axb4 34. Na2 Bb5+ 35. Kd1 Bc5 36.
b3 Rd8+ 37. Kc1 Rd4 38. Kb2 Bc6 39. Nc1 Bxe4 40. Bxe4 Rxe4 41. Kc2 f5 42. g4 Kf6 43.
g5+ Kg6 44. Nd3 Bd6 45. Kd2 f6 46. h4 fxg5 47. hxg5 e5 48. fxe5 Bxe5 49. Rh3 Bc3+ 50. Kc2 f4 51. Nc5 Re2+ 52. Kd3 Re1 0-1

[Event "*** SCC Grand Prix: Titled Tuesday Blitz"]
[Site "Chess.com"]
[Date "2020.07.14"]
[Round "8"]
[White "Shuvalov"]
[Black "Rish_97"]
[Result "0-1"]
[WhiteElo "2488"]
[BlackElo "2677"]
[TimeControl "180+1"]
[EndTime "11:37:11 PDT"]
[Termination "Rish_97 won by resignation"]

1. b4 Nf6 2. Bb2 g6 3. e4 d6 4. Nf3 Bg7 5. e5 Nfd7 6. d4 dxe5 7. dxe5 Nc6 8. Bb5 Nxb4 9. Bc3 Nc6 10. e6 Bxc3+ 11.
Nxc3 fxe6 12. h4 Nf6 13. Qe2 Qd6 14. O-O O-O 15. Rad1 Qc5 16. Bc4 Kh8 17. Ne4 Nxe4 18. Qxe4 Qf5 19. Qe2 b6 20. Bd3 Qf6 21. Ng5 Nd4 22.
Qe4 Rb8 23. c3 Nf5 24. g3 Bb7 25. Qxe6 Rbd8 26. Bc4 Qxe6 27. Nxe6 Rxd1 28. Rxd1 Rc8 29.
Rd7 Bc6 30. Rxc7 Rxc7 31. Nxc7 Nd6 32. Bd3 Kg7 33. Ne6+ Kf6 34. Nd4 Be4 35. Ba6 e5 36. Ne2 Ke6 37. Nc1 Kd5 38. Nb3 Bc2 39. Nd2 Kc5 40.
Kf1 Ne4 41. Nxe4+ Bxe4 42. Ke2 Bd5 43. a3 Bc4+ 44. Bxc4 Kxc4 45. Kd2 b5 46. Kc2 a5 47. f3 a4 48. g4 h6 49. g5 h5 50. Kd2 Kb3 51. Ke3 Kxa3 52. Ke4 Kb3 53. Kxe5 a3 54.
f4 a2 55. f5 a1=Q 56. fxg6 Qxc3+ 57. Ke6 Qg7 58. Kf5 Kc4 0-1

[Event "*** SCC Grand Prix: Titled Tuesday Blitz"]
[Site "Chess.com"]
[Date "2020.07.14"]
[Round "8"]
[White "MisiekZielony"]
[Black "shnitez"]
[Result "0-1"]
[WhiteElo "2209"]
[BlackElo "2526"]
[TimeControl "180+1"]
[EndTime "11:37:11 PDT"]
[Termination "shnitez won on time"]

1. c4 Nf6 2. Nc3 g6 3. g3 Bg7 4.
Bg2 O-O 5. e4 c5 6. Nge2 Nc6 7. d3 d6 8. O-O a6 9. h3 Rb8 10. a4 Ne8 11. Be3 Nc7 12. d4 cxd4 13. Nxd4 Ne6 14. Nde2 Nc5 15. Rb1 a5 16. f4 Bd7 17. b3 Nb4 18. Kh2 Bc6 19. Nd4 Qb6 20. Nd5 Bxd5 21. exd5 Rbd8 22. Nb5 Rd7 23. h4 Qd8 24. h5 e6 25. dxe6 Nxe6 26. hxg6 hxg6 27. Qd2 d5 28. Rbd1 d4 29. Bf2 Nc5 30. Rb1 Qf6 31. Bxd4 Qd8 32. Rfd1 Nc6 33. Bd5 Nxd4 34. Nxd4 Rxd5 35.
cxd5 Qxd5 36. Ne2 Qh5+ 37. Kg2 Ne4 38. Qe3 Re8 39. Qf3 Qf5 40. Rd3 Nc5 41. Rbd1 Nxd3 42. Rxd3 b6 43. Re3 Rxe3 44. Qxe3 Qc2 45. Kf3 Bf6 46. g4 Qd1 47. g5 Qh1+ 48. Kg3 Bg7 49. Qf3 Qe1+ 50. Qf2 Qb4 51. Qe3 Bf8 52. Ng1 Bc5 53. Qd3 Qe1+ 54. Kg4 Qxg1+ 0-1

[Event "*** SCC Grand Prix: Titled Tuesday Blitz"]
[Site "Chess.com"]
[Date "2020.07.14"]
[Round "8"]
[White "poppy73"]
[Black "juniortay"]
[Result "1-0"]
[WhiteElo "2244"]
[BlackElo "2379"]
[TimeControl "180+1"]
[EndTime "11:37:12 PDT"]
[Termination "poppy73 won by checkmate"]

1. e4 e5 2. Nf3 Nf6 3. Nxe5 Nc6 4. Nxc6 dxc6 5. Nc3 Bc5 6. Be2 Qd4 7. O-O h5 8. d3 Ng4 9. Bxg4 hxg4 10. Ne2 Qf6 11. d4 Bb6 12. Bf4 Be6 13. Be5 Qg6 14. Nf4 Qh6 15.
Nxe6 fxe6 16. Qxg4 O-O-O 17. Qxg7 Qh5 18. Qe7 Rhe8 19.
Qf6 Kb8 20. Rfe1 Rg8 21. Re3 Rdf8 22. Rg3 Rh8 23. Rh3 Qxh3 24. Qxf8+ Rxf8 25. gxh3 c5 26. c3 Rg8+ 27. Kf1 Kc8 28. Rd1 a5 29. a4 c6 30.
dxc5 Bxc5 31. Bd4 Be7 32. e5 Bg5 33. Be3 Bh4 34. Bf4 Rf8 35. Bg3 Bg5 36. Kg2 Rg8 37. h4 Bxh4 38. Rd6 Rg6 39. Rd4 Bg5 40. h4 Be7 41. h5 Bc5 42. hxg6 Bxd4 43. cxd4 Kd7 44. g7 Ke7 45. g8=Q Kd7 46. Qg6 Kc7 47. Qf6 Kb6 48. Bh4 Ka6 49. Qxe6 b5 50. Qd6 bxa4 51. Qxc6+ Ka7 52.
Bd8 a3 53. Qb6+ Ka8 54. Bc7 axb2 55. Qb8# 1-0

[Event "*** SCC Grand Prix: Titled Tuesday Blitz"]
[Site "Chess.com"]
[Date "2020.07.14"]
[Round "8"]
[White "zajka-molotok"]
[Black "m_ezat"]
[Result "0-1"]
[WhiteElo "2420"]
[BlackElo "2552"]
[TimeControl "180+1"]
[EndTime "11:37:14 PDT"]
[Termination "m_ezat won on time"]

1. e4 c6 2. d4 d5 3. exd5 cxd5 4.
Bd3 Nc6 5. c3 Qc7 6. Nf3 Bg4 7.
Nbd2 e6 8. h3 Bh5 9. O-O Nf6 10.
Re1 Be7 11. Nf1 O-O 12. Ng3 Bg6 13. Ne5 Nxe5 14. dxe5 Nd7 15. f4 Bh4 16. Bxg6 hxg6 17. Qg4 Bxg3 18. Qxg3 Nc5 19. Be3 Ne4 20. Qf3 b5 21.
Rac1 a5 22. Bd4 Rfc8 23. b3 a4 24. c4 axb3 25. axb3 bxc4 26. bxc4 Nd2 27. Qg4 Nb3 28.
Rcd1 Nxd4 29. Rxd4 Qb6 30. c5 Qxc5 31. Qd1 Ra2 32. Kh2 Qb6 33. Rd2 Rxd2 34. Qxd2 Rc4 35. Ra1 Qb8 36. Qe3 Rb4 37. Qf3 g5 38. g3 gxf4 39.
gxf4 Rb2+ 40. Kh1 Rb1+ 41. Rxb1 Qxb1+ 42. Kh2 Qc2+ 43. Kg3 g6 44. Qa3 Qc8 45. Qd6 Kg7 46. h4 Qc3+ 47. Kg4 Qe1 48. Qd8 Qg1+ 49. Kf3 Qh1+ 50.
Kg3 Qg1+ 51. Kf3 Qd1+ 52. Kg3 Qh5 53. Qf6+ Kg8 54. Qd8+ Kh7 55. Qf6 Qf5 56. Qe7 d4 0-1

[Event "*** SCC Grand Prix: Titled Tuesday Blitz"]
[Site "Chess.com"]
[Date "2020.07.14"]
[Round "8"]
[White "MIlorenzana271"]
[Black "DenisQ"]
[Result "1/2-1/2"]
[WhiteElo "2415"]
[BlackElo "2631"]
[TimeControl "180+1"]
[EndTime "11:37:15 PDT"]
[Termination "Game drawn by repetition"]

1. e4 c6 2. d4 d5 3. e5 c5 4.
dxc5 Nc6 5. c3 Nxe5 6. Be3 Nf6 7. h3 Nc6 8. Nd2 e5 9. Nb3 Be7 10. Nf3 O-O 11. Bb5 Qc7 12. O-O h6 13. Re1 Be6 14. a4 Rad8 15. Qc2 Ne4 16. Nfd2 f5 17. f3 Nf6 18. Bf2 a6 19. Bf1 Rfe8 20. Nd4 Nxd4 21. cxd4 e4 22. b4 Nh5 23. b5 Bg5 24. fxe4 dxe4 25.
Nc4 Bf4 26. Ra3 Bh2+ 27. Kh1 Ng3+ 28. Bxg3 Bxg3 29. Rb1 Rxd4 30. Nb6 Red8 31. bxa6 bxa6 32. Re3 Bf4 33. Re2 Rd2 34. Rxd2 Rxd2 35. Qc3 e3 36.
Re1 Kh7 37. a5 Qc6 38. Rxe3 Bxe3 39. Qxe3 Rd1 40. Qf2 Qb5 41. Kg1 Qxa5 42. Kh2 Qe1 43. Qxe1 Rxe1 44. Bxa6 Rc1 45. Na4 Bd7 46. Nb6 Be6 47.
Na4 Bb3 48. Nb6 Rxc5 49. Nd7 Rc6 50. Bd3 Rf6 51. Nxf6+ gxf6 52. Bxf5+ Kg7 53. Kg3 Bf7 54. Kf2 Bg8 55. g3 Bf7 56. Bg4 Be8 57. Bf3 Bf7 58. h4 Bg6 59. Bg2 Bf7 60. Bf3 Bg6 61. Bg2 Bf7 62. Bf3 1/2-1/2

[Event "*** SCC Grand Prix: Titled Tuesday Blitz"]
[Site "Chess.com"]
[Date "2020.07.14"]
[Round "8"]
[White "Lector118"]
[Black "Niclox"]
[Result "1-0"]
[WhiteElo "2511"]
[BlackElo "2706"]
[TimeControl "180+1"]
[EndTime "11:37:17 PDT"]
[Termination "Lector118 won on time"]

1. d4 Nf6 2. Bf4 d6 3. Nc3 g6 4. e4 Bg7 5. Qd2 a6 6. O-O-O b5 7. f3 b4 8. Nce2 a5 9. Kb1 Ba6 10. Bh6 Bxh6 11. Qxh6 a4 12. Nc1 Bxf1 13. Rxf1 c5 14.
dxc5 dxc5 15. Nge2 Nc6 16. Rd1 Qb6 17. Nf4 b3 18. cxb3 axb3 19. a3 Ne5 20. Nd5 Nxd5 21. Rxd5 Nc4 22. Qg7 Rf8 23. Qc3 Nd6 24. Qxc5 Qxc5 25.
Rxc5 Kd7 26. Rd1 f6 27. Nxb3 Rfb8 28. Rc3 Ke6 29. Nc5+ Kf7 30. Rdd3 Nb5 31. Rb3 Nd6 32. Rxb8 Rxb8 33. b4 f5 34. exf5 gxf5 35. Kc2 Rg8 36. g3 f4 37. g4 Nc4 38. Kb3 Ne5 39. Rc3 Rd8 40. b5 Rd1 41. Kb4 Rb1+ 42. Ka5 Rf1 43. b6 Nxf3 44. Rxf3 Rxf3 45. b7 Rc3 46. Kb4 Rxc5 47.
Kxc5 f3 48. b8=Q e5 49. Qxe5 f2 50. Qf5+ Ke7 51. Qxf2 1-0

[Event "*** SCC Grand Prix: Titled Tuesday Blitz"]
[Site "Chess.com"]
[Date "2020.07.14"]
[Round "8"]
[White "Larina_Marija"]
[Black "malakismayil"]
[Result "0-1"]
[WhiteElo "2103"]
[BlackElo "2254"]
[TimeControl "180+1"]
[EndTime "11:37:17 PDT"]
[Termination "malakismayil won by resignation"]

1. e4 e5 2. Nf3 Nc6 3. Nc3 Nf6 4. Bb5 d6 5. d4 exd4 6. Nxd4 Bd7 7. Bxc6 bxc6 8.
Qf3 c5 9. Nf5 Bxf5 10. exf5 Be7 11. b3 O-O 12. Bb2 d5 13. O-O-O d4 14. Ne4 Nxe4 15.
Qxe4 Bf6 16. g4 Qd6 17. c3 Qa6 18. cxd4 Qxa2 19. Kc2 Bxd4 20. Rxd4 Rfe8 21. Qf3 cxd4 22. Ra1 Qxa1 23. Bxa1 Rad8 24. Kd3 c5 25. Bb2 Rb8 26. Kc2 Red8 27. Qd3 h6 28. Ba3 Rbc8 29. h4 Rd5 30. f4 Rcd8 31. g5 h5 32. g6 fxg6 33. fxg6 Kh8 34. f5 a5 35. Kb2 Rf8 36. Qf3 Rdxf5 37. Qd1 Rf2+ 38. Kb1 Rf1 39. Kc2 R8f2+ 40. Qd2 Rxd2+ 41. Kxd2 Rf5 42. Kd3 Kg8 43. Bxc5 Rxc5 44. Kxd4 Rb5 45. Kc4 Rb4+ 46. Kc3 Rxh4 47. b4 Rh3+ 48.
Kc4 axb4 0-1

[Event "*** SCC Grand Prix: Titled Tuesday Blitz"]
[Site "Chess.com"]
[Date "2020.07.14"]
[Round "8"]
[White "VladimirBugayev"]
[Black "reniite"]
[Result "1-0"]
[WhiteElo "2100"]
[BlackElo "1903"]
[TimeControl "180+1"]
[EndTime "11:37:17 PDT"]
[Termination "VladimirBugayev won by checkmate"]

1. e4 c6 2. d4 d5 3. f3 Qb6 4. Qd3 e6 5. c3 c5 6. Ne2 Nf6 7. e5 Nfd7 8. f4 cxd4 9. cxd4 Nc6 10. a3 Na5 11. b4 Nc4 12. Nd2 Nxd2 13. Bxd2 a6 14. g4 Be7 15. Ng3 Bh4 16. Be2 f6 17. O-O fxe5 18. fxe5 Nxe5 19. Qe3 Bxg3 20. hxg3 Ng6 21.
Rac1 Rf8 22. Bd3 Rxf1+ 23. Rxf1 Nf8 24. Qf4 Nd7 25. Qf7+ Kd8 26. Qxg7 Kc7 27. Bf4+ Kd8 28. Qg5+ Ke8 29. Be3 Nf8 30. Qg8 Qd6 31. Bxh7 Bd7 32.
Qf7+ Kd8 33. Qxf8+ Kc7 34. Qxd6+ Kxd6 35. Bf4+ Ke7 36.
Be5 Bb5 37. Rf4 Rc8 38. g5 Rc1+ 39. Kf2 Rc2+ 40. Ke1 Re2+ 41. Kd1 Rg2 42. g6 Rg1+ 43. Kd2 Rg2+ 44. Ke1 Rg1+ 45. Kf2 Rf1+ 46. Kg2 Rxf4 47. gxf4 Be8 48. g7 Bf7 49. g8=Q Bxg8 50. Bxg8 b6 51. Kg3 a5 52. bxa5 bxa5 53. a4 Kd7 54. Kg4 Ke7 55. Kg5 Kd7 56. Kf6 Ke8 57. Bxe6 Kf8 58.
Bxd5 Ke8 59. Bd6 Kd8 60. Bc6 Kc8 61. Ke6 Kd8 62. f5 Kc8 63. f6 Kd8 64. f7 Kc8 65.
f8=Q# 1-0

[Event "*** SCC Grand Prix: Titled Tuesday Blitz"]
[Site "Chess.com"]
[Date "2020.07.14"]
[Round "8"]
[White "Nara_Kh"]
[Black "CroissantNeuf"]
[Result "0-1"]
[WhiteElo "2271"]
[BlackElo "2410"]
[TimeControl "180+1"]
[EndTime "11:37:18 PDT"]
[Termination "CroissantNeuf won by resignation"]

1. e4 c6 2. Nc3 d5 3. Nf3 dxe4 4. Nxe4 Nf6 5. Qe2 Bg4 6. Nxf6+ gxf6 7. g3 Qd5 8. Bg2 Nd7 9. O-O Ne5 10. Nxe5 Bxe2 11.
Bxd5 Bxf1 12. Nxc6 Bh3 13. Na5 O-O-O 14. Bxb7+ Kc7 15. d3 e5 16. Bd2 Bc5 17. Bf3 f5 18. Nc6 Rde8 19. b4 Bb6 20. Bc3 f6 21. b5 e4 22. dxe4 fxe4 23. Be2 Rhf8 24. Rd1 f5 25. Be5+ Kc8 26. Bf4 Kb7 27. Rd7+ Kc8 28. Rxh7 Bg4 29. Bxg4 fxg4 30. Rg7 Re6 31. Ne7+ Kd8 32. Nd5 Bc5 33.
c4 Bd4 34. Rxg4 Bc5 35. Kg2 Bd6 36. h4 Bxf4 37. Nxf4 Rd6 38. h5 Rd2 39. Kf1 e3 40. fxe3 Rh2 41. Ke1 Rh1+ 42. Ke2 Rh2+ 43. Kf3 Re8 44.
h6 Rh1 45. Rg7 Rxh6 46. Kg4 Re7 47. Nd5 Rxg7+ 48. Kf4 Rd6 49. Ke5 Rdd7 50. Nf6 Rdf7 51. Kd6 Rg6 52. Ke5 Rgxf6 0-1

[Event "*** SCC Grand Prix: Titled Tuesday Blitz"]
[Site "Chess.com"]
[Date "2020.07.14"]
[Round "8"]
[White "CzechmVIII"]
[Black "PavelChernomordik"]
[Result "1/2-1/2"]
[WhiteElo "2201"]
[BlackElo "2336"]
[TimeControl "180+1"]
[EndTime "11:37:18 PDT"]
[Termination "Game drawn by repetition"]

1. e4 g6 2. d4 Bg7 3. Nc3 d6 4. f4 a6 5. Nf3 b5 6. Bd3 Nd7 7. e5 c5 8. Be4 Rb8 9. Qe2 b4 10. Nd1 Nh6 11. O-O O-O 12. c3 bxc3 13. bxc3 Qc7 14. Bd2 e6 15. exd6 Qxd6 16. Kh1 Nf6 17.
Bd3 Nd5 18. Ne5 cxd4 19. cxd4 Nf5 20. Bxf5 exf5 21. Ne3 Bb7 22. Rab1 Nxe3 23. Bxe3 Be4 24. Rxb8 Rxb8 25. Rc1 f6 26. Nf3 Bf8 27. Qc4+ Bd5 28. Qa4 Qe6 29. Bg1 Bd6 30. Qxa6 Bxf4 31. Qxe6+ Bxe6 32. Re1 Bxa2 33. h3 Bd5 34. Bh2 Bxh2 35. Kxh2 f4 36.
Re7 Rb2 37. Kg1 g5 38. Rd7 Be4 39. Re7 Bxf3 40. gxf3 Rd2 41. Rd7 h5 42. Kf1 Kf8 43. d5 f5 44. Rh7 g4 45. hxg4 hxg4 46. fxg4 fxg4 47. Rh4 Rxd5 48. Rxg4 Rd4 49. Rg6 Kf7 50. Ra6 Rd2 51. Rb6 f3 52. Ra6 f2 53. Rb6 Ke7 54.
Ra6 Kf7 55. Rb6 Kg7 56. Ra6 Kf7 1/2-1/2